 Dungeon Crawl Stone Soup version 0.17-a0-1393-gcb420ff (webtiles) character file.

953 urechis the Ruffian (level 7, -6/69 (71) HPs)
             Began as a Troll Monk on June 16, 2015.
             Mangled by Duvessa
             ... wielding a +0 short sword
              (12 damage)
             ... on level 5 of the Dungeon.
             The game lasted 00:07:28 (3598 turns).

urechis the Ruffian (Troll Monk)                    Turns: 3598, Time: 00:07:29

HP:   -6/69 (71)    AC:  5    Str: 20    XL:     7   Next: 90%
MP:   6/6           EV: 12    Int:  6    God:
Gold: 258           SH:  0    Dex: 14    Spells: 0 memorised, 6 levels left

rFire  . . .     SeeInvis .       - Unarmed
rCold  . . .     Clarity  .     a - +0 robe
rNeg   . . .     SustAt   .     (no shield)
rPois  .         Gourm    +     (helmet restricted)
rElec  .         Spirit   .     (no cloak)
rCorr  .         Warding  .     (gloves unavailable)
rMut   .         Stasis   .     (boots unavailable)
MR     .....                    g - amulet of rage
Stlth  ++........               (no ring)
                                (no ring)

@: lethally poisoned (-6 -> -6), not resistant to hostile enchantments,
unstealthy
A: unfitting armour, claws 3, fast metabolism 3, gourmand, regeneration 2,
shaggy fur 1, tough skin 2
a: Evoke Berserk Rage


You were on level 5 of the Dungeon.
You were very full.

You visited 1 branch of the dungeon, and saw 5 of its levels.

You collected 258 gold pieces.

Inventory:

Armour
 a - a +0 robe (worn)
Jewellery
 c - an uncursed amulet of regeneration
 g - an amulet of rage (around neck)
Scrolls
 d - 2 scrolls of identify {unknown}
 e - 2 scrolls of remove curse {unknown}
 h - 2 scrolls of teleportation {unknown}
 n - a scroll of fog {unknown}
 p - 3 scrolls of recharging {unknown}
 s - a scroll of amnesia {unknown}
Potions
 i - 2 potions of magic {unknown}
 j - 2 potions of flight {unknown}
 k - 2 potions of curing {unknown}
 l - a potion of haste {unknown}
 m - a potion of poison {unknown}
 o - a potion of resistance {unknown}
 q - a potion of cure mutation {unknown}
 r - a potion of lignification {unknown}
 u - a potion of agility {unknown}
Comestibles
 b - 3 bread rations
 f - 4 meat rations
 t - 4 chunks of flesh


   Skills:
 + Level 4.4 Fighting
 + Level 4.6 Dodging
 - Level 1.1 Stealth
 * Level 7.4 Unarmed Combat


You had 6 spell levels left.
You didn't know any spells.

Dungeon Overview and Level Annotations

Branches:
Dungeon (5/15)
 Temple: D:4-7

Altars:
Kikubaaqudgha
Nemelex Xobeh
Qazlal

Shops:
D:4 (}

Annotations:
D:5 Duvessa


Innate Abilities, Weirdness & Mutations

You are too large for most types of armour.
You have claws for hands.
Your metabolism is lightning-fast.
You like to eat raw meat.
You heal very quickly.
You are covered in fur (AC +1).
You have very tough skin (AC +2).


Message History

You feel sick. Duvessa closely misses you. Duvessa hits you with a short sword.
* * * LOW HITPOINT WARNING * * *
You are too injured to fight recklessly!
You are too injured to fight recklessly!
You are too injured to fight recklessly!
You are too injured to fight recklessly!
You are too injured to fight recklessly!
You are too injured to fight recklessly!
You are too injured to fight recklessly!
You barely miss Duvessa.
Duvessa is heavily wounded.
Duvessa hits you with a short sword!
* * * LOW HITPOINT WARNING * * *
You claw Duvessa!
Duvessa is severely wounded.
Duvessa hits you but does no damage.
You closely miss Duvessa.
Duvessa is severely wounded.
You feel sick. Duvessa hits you with a short sword!
You die...

.P.............###..##
.............#.......###
.............##.........
.............###...####.
..........P..##....#
................#...#
P..............####..#
....P.........### ....
......e@.<..# ....
...P...)...........
........#######....
....P...# .......##
....### ...## ..P#


You could see Duvessa (berserk).

Vanquished Creatures
  A necrophage (D:3)
  2 ogres (D:4)
  Blork the orc (D:4)
  A scorpion (D:5)
  Dowan (D:5)
  A water moccasin skeleton (D:5)
  4 orc priests
  3 orc wizards (D:4)
  A centaur skeleton (D:4)
  An iguana (D:3)
  Natasha (thrice) (D:4)
  5 adders
  4 gnolls (D:3)
  An adder skeleton (D:4)
  2 worms
  4 giant geckos
  13 orcs
  7 goblins
  10 hobgoblins
  10 jackals
  10 kobolds
  8 bats
  8 giant cockroaches
  4 giant newts
  A quokka skeleton (D:4)
  11 rats
117 creatures vanquished.

Notes
Turn   | Place    | Note
--------------------------------------------------------------
     0 | D:1      | urechis the Troll Monk began the quest for the Orb.
     0 | D:1      | Reached XP level 1. HP: 22/22 MP: 0/0
    88 | D:1      | Reached XP level 2. HP: 29/29 MP: 1/1
   197 | D:1      | Found a sparkling altar of Nemelex Xobeh.
   469 | D:1      | Reached XP level 3. HP: 36/36 MP: 2/2
  1528 | D:3      | Found an ancient bone altar of Kikubaaqudgha.
  1529 | D:3      | Found a stormy altar of Qazlal.
  1535 | D:3      | Reached XP level 4. HP: 40/45 MP: 3/3
  1636 | D:3      | Reached skill level 5 in Unarmed Combat
  1656 | D:3      | Reached XP level 5. HP: 34/53 MP: 4/4
  2117 | D:3      | Noticed a necrophage
  2136 | D:3      | Killed a necrophage
  2136 | D:3      | Reached XP level 6. HP: 49/59 MP: 5/5
  2223 | D:4      | Reached skill level 6 in Unarmed Combat
  2408 | D:4      | Found Xutzeaps's Gadget Boutique.
  2683 | D:4      | Reached XP level 7. HP: 56/66 MP: 6/6
  2820 | D:4      | Found Pentaar's Antique Weapon Boutique.
  2942 | D:4      | Noticed Blork the orc
  2955 | D:4      | Killed Blork the orc
  2955 | D:4      | Reached skill level 7 in Unarmed Combat
  3062 | D:4      | Noticed Natasha
  3066 | D:4      | Killed Natasha
  3226 | D:4      | Noticed Natasha
  3232 | D:4      | Killed Natasha
  3311 | D:4      | Noticed Natasha
  3312 | D:4      | Killed Natasha
  3344 | D:5      | Entered Level 5 of the Dungeon
  3579 | D:5      | Noticed Dowan
  3580 | D:5      | Noticed Duvessa
  3589 | D:5      | Killed Dowan
  3598 | D:5      | Mangled by Duvessa

Vault maps used:
D:1:      dpeg_arrival_tiny_j, st_stairs_12, nemelex_deck
D:2:      kennysheep_path_1
D:3:      grunt_temple_overflow_open, first_bread
D:4:      serial_shops, shop, shop, uniq_blork_the_orc, uniq_natasha
D:5:      temple_garden, uniq_duvessa

Action                   |  1- 3 |  4- 6 |  7- 9 || total
-------------------------+-------+-------+-------++-------
Melee: Unarmed           |   126 |   119 |   104 ||   349
 Stab: Sleeping          |     1 |     1 |     2 ||     4
  Eat: Chunk             |    13 |    16 |     9 ||    38
